 Dungeon Crawl Stone Soup version 0.29-a0-40-g8eb35efe60 (webtiles) character file.

Game seed: 17748861874166948403

18 kae the Ruffian (level 2, -4/23 HPs)
             Began as a Draconian Transmuter on Feb 1, 2022.
             Frozen to death by an endoplasm (5 damage)
             ... on level 2 of the Dungeon.
             The game lasted 00:00:27 (1130 turns).

kae the Ruffian (Draconian Transmuter)              Turns: 1130, Time: 00:00:28

Health: -4/23      AC:  4    Str: 12    XL:     2   Next: 51%
Magic:  4/5        EV: 12    Int: 13    God:
Gold:   47         SH:  0    Dex: 11    Spells: 4/5 levels left

rFire   . . .      SeeInvis .     - Unarmed
rCold   . . .      Faith    .   (no shield)
rNeg    . . .      Spirit   .   (armour unavailable)
rPois   .          Reflect  .   (helmet currently unavailable)
rElec   .          Harm     .   (no cloak)
rCorr   .          Rampage  .   (no gloves)
Will    .....                   (boots currently unavailable)
Stlth   +.........              (no amulet)
HPRegen 0.07/turn               (no ring)
MPRegen 0.09/turn               (no ring)

@: appendages (expiring)
A: horns 2, talons 2, AC +4, unfitting armour, cold-blooded
a: End Transformation


You were on level 2 of the Dungeon.
You had temporarily grown beastly horns and talons.
You visited 1 branch of the dungeon, and saw 2 of its levels.

You collected 47 gold pieces.

Inventory:

Potions
 a - a potion of curing {unknown}
 b - a potion of might {unknown}
 d - a potion of magic {unknown}


   Skills:
 + Level 1.5 Fighting
 + Level 1.9 Dodging
 * Level 3.2 Unarmed Combat
 + Level 2.1 Spellcasting
 * Level 2.3 Transmutations


You had 4 spell levels left.
You knew the following spells:

 Your Spells              Type           Power      Damage    Failure   Level
a - Beastly Appendage     Tmut           14%        N/A       10%         1

Your spell library contained the following spells:

 Spells                   Type           Power      Damage    Failure   Level
 Wereblood                Tmut           7%         N/A       14%         2
 Magic Dart               Conj           4%         1d3       26%         1
 Searing Ray              Conj           2%         2d4       36%         2
 Spider Form              Tmut/Pois      4%         N/A       43%         3
 Ice Form                 Ice/Tmut       4%         N/A       83%         4
 Fulminant Prism          Conj/Hex       0%         3d6       94%         4


Dungeon Overview and Level Annotations

Branches:
Dungeon (2/15)

Altars:


Innate Abilities, Weirdness & Mutations

You have temporarily grown beastly horns and talons.
Your plain brown scales are hard. (AC +4)
You cannot fit into any form of body armour.
You are cold-blooded and may be slowed by cold attacks.


Message History

There are monsters nearby!
You hit the goblin but do no damage.
The goblin is severely wounded.
The goblin hits you but does no damage.
You hit the goblin.
You kill the goblin!
There are monsters nearby!
The endoplasm hits you but does no damage.
The worm bites you.
Things that are here:
a +0 dagger; a goblin corpse You hit the worm but do no damage.
Your headbutt misses the worm. You tail-slap the worm.
The worm is moderately wounded.
The endoplasm hits you but does no damage.
The worm bites you!
There are monsters nearby!
You are too injured to fight recklessly!
You are too injured to fight recklessly!
There are monsters nearby!
You are too injured to fight recklessly!
You are too injured to fight recklessly!
There are monsters nearby!
You are too injured to fight recklessly!
You are too injured to fight recklessly!
You are too injured to fight recklessly!
You are too injured to fight recklessly!
You punch the worm! You tail-slap the worm.
The worm is severely wounded.
The endoplasm hits you but does no damage.
You hit the worm but do no damage.
The worm is severely wounded.
The endoplasm hits you. The worm bites you.
* * * LOW HITPOINT WARNING * * *
You barely miss the worm. Your kick misses the worm.
You tail-slap the worm, but do no damage.
The worm is severely wounded.
The endoplasm freezes you.
You are frozen.
You die...

### ######### #..
........# #.# #######.##
#.# ######...## #.#
#...#.#.#.#####.#
...........(....#####...
#.....#.#.####..@w......
##.#.#...#>#^....J....##
#............#.###.##.#
#..#.##.##.###.# .#
#..#..#.#.####.# #
#..#.#..........
...#.##..#####.#
.....##....#
..######.#.#


You could see a worm and an endoplasm.

Vanquished Creatures
  2 ball pythons (D:1)
  An endoplasm (D:2)
  A giant cockroach (D:1)
  A goblin (D:2)
  A hobgoblin (D:2)
  4 quokkas
  3 bats (D:1)
  3 kobolds
  A rat (D:1)
17 creatures vanquished.

Notes
Turn   | Place    | Note
-------+----------+-------------------------------------------
     0 | D:1      | kae the Draconian Transmuter began the quest for the Orb.
     0 | D:1      | Reached XP level 1. HP: 16/16 MP: 3/3
   481 | D:1      | Reached XP level 2. HP: 23/23 MP: 5/5
  1129 | D:2      | HP: 1/23 [worm (6)]
  1130 | D:2      | Frozen to death by an endoplasm

Illustrated notes

Levels and vault maps discovered:
D:1:      dpeg_arrival_arbitrary_b, layout_basic
D:2:      layout_loops_ring, shapermc_ecumenical_altar_notcrosses, serial_shops,
          nicolae_shop_hallway_stairs, minmay_tromino_v4_c

Action                   || total
-------------------------++-------
Melee: Unarmed           ||    44
       Kick              ||     4
       Tailslap          ||     6
       Headbutt          ||     3
 Cast: Beastly Appendage ||    11
  Use: Scroll            ||     2
 Stab: Sleeping          ||     1
Armor: Skin              ||    19
Dodge: Dodged            ||    32

Table legend: (Time is in decaauts)
 A = Elapsed time spent in this place.
 B = Non-inter-level travel time spent in this place.
 C = Inter-level travel time spent in this place.
 D = Time resting spent in this place.
 E = Time spent auto-exploring this place.
 F = Levels seen in this place.
 G = Mean time per level.
                   A        B        C        D        E       F      G
               +--------+--------+--------+--------+--------+-----+--------+
         Total |   1127 |   1079 |     48 |      0 |    955 |   2 |  563.5 |
       Dungeon |   1127 |   1079 |     48 |      0 |    955 |   2 |  563.5 |
               +--------+--------+--------+--------+--------+-----+--------+

Top non-repeatable levels by time:
     D:1: 840 daAuts
     D:2: 286 daAuts
